 Dungeon Crawl Stone Soup version 0.30.1-4-g462c640d31 (webtiles) character file.

Game seed: 18202108304208224803

121426 SirLogeyBear the Executioner (level 16, 0/155 HPs)
             Began as a Hill Orc Berserker on Aug 11, 2023.
             Was a High Priest of Trog.
             Slain by a +1 lajatang of venom (2 damage)
             ... on level 2 of the Elven Halls.
             The game lasted 00:51:34 (22061 turns).

SirLogeyBear the Executioner (Hill Orc Berserker)  Turns: 22061, Time: 00:51:34

Health: 0/155      AC: 27    Str: 29    XL:     16   Next: 85%
Magic:  16/16      EV: 12    Int:  7    God:    Trog [*****.]
Gold:   1588       SH: 19    Dex: 13    Spells: 15/15 levels left

rFire   + . .        A - +0 broad axe (protect)
rCold   + . .        s - +0 tower shield
rNeg    . . .        g - +3 plate armour
rPois   +            b - +0 hat of Beyond {rPois rCorr Str+3 Slay+2}
rElec   .            k - +1 cloak of Starlight {*Dazzle EV+4 Stlth--}
rCorr   +            K - +2 pair of gloves {Dex+3}
SInv    .            a - +0 pair of boots {Fly}
Will    +++..        l - amulet of regeneration Stlth
                     v - ring of protection from fire
HPRegen 2.25/turn    M - ring of protection from cold
MPRegen 0.15/turn

%: clarity
@: lethally poisoned (0 -> -3), strong-willed, on berserk cooldown, flying,
regenerating, slowed, very slow
A: clarity, clumsy 1
a: Renounce Religion, Berserk, Trog's Hand, Brothers in Arms


You were on level 2 of the Elven Halls.
You worshipped Trog.
Trog was extremely pleased with you.
You visited 4 branches of the dungeon, and saw 24 of its levels.
You visited the Abyss 1 time.
You also visited: Ossuary, Bailey and Gauntlet.

You collected 3281 gold pieces.
You spent 1693 gold pieces at shops.

Inventory:

Hand Weapons
 A - a +0 broad axe of protection (weapon)
 Q - a +3 battleaxe
 R - the +2 battleaxe of the Baking Rattlesnake {venom, rN+ Dex+6}
   (You bought it in a shop on level 2 of the Orcish Mines)

   Dex:       It affects your dexterity (+6).
   rN:        It protects you from negative energy.
Missiles
 D - 40 poisoned darts (quivered)
Armour
 a - a +0 pair of boots of flying (worn)
 b - the +0 hat of Beyond (worn) {rPois rCorr Str+3 Slay+2}
   (You found it on level 2 of the Dungeon)

   Str:       It affects your strength (+3).
   Slay:      It affects your accuracy & damage with ranged weapons and melee
   (+2).
   rPois:     It protects you from poison.
   rCorr:     It protects you from acid and corrosion.
 g - a +3 plate armour (worn)
 k - the +1 cloak of Starlight (worn) {*Dazzle EV+4 Stlth--}
   (You found it on level 5 of the Lair of Beasts)

   *Dazzle:   It may blind those who miss an attack against the wearer in melee
   combat.
   EV:        It affects your evasion (+4).
   Stlth:     It makes you much less stealthy.
 n - a scarf of repulsion
 o - an orb of light
 s - a +0 tower shield (worn)
 K - a +2 pair of gloves of dexterity (worn)
Jewellery
 e - a ring of positive energy
 l - an amulet of regeneration (around neck)
 q - an amulet of reflection
 u - a +5 ring of evasion
 v - a ring of protection from fire (left hand)
 E - a +6 ring of strength
 F - a ring of resist corrosion
 H - a +6 ring of dexterity
 M - a ring of protection from cold (right hand)
 X - the ring "Astronee" {rElec rPois Will+ Int+3}
   (You found it on level 5 of the Lair of Beasts)

   [ring of willpower]

   Int:       It affects your intelligence (+3).
   rElec:     It insulates you from electricity.
   rPois:     It protects you from poison.
   Will:      It increases your willpower.
Wands
 t - a wand of roots (9)
 x - a wand of digging (17)
 y - a wand of mindburst (11)
 N - a wand of flame (23)
 O - a wand of charming (9)
 V - a wand of polymorph (5)
Scrolls
 d - 4 scrolls of magic mapping
 f - 8 scrolls of teleportation
 i - 4 scrolls of immolation
 r - 4 scrolls of fear
 z - 5 scrolls of fog
 I - a scroll of blinking
 P - a scroll of brand weapon
 S - a scroll of poison
 T - 2 scrolls of enchant armour
 U - a scroll of silence
Potions
 c - 4 potions of might
 h - 11 potions of curing
 j - 5 potions of ambrosia
 m - 2 potions of cancellation
 p - 2 potions of resistance
 B - 2 potions of haste
 C - 4 potions of heal wounds
Miscellaneous
 L - a box of beasts
 W - a lightning rod (4/4)
 Y - a tin of tremorstones (2/2)


   Skills:
 + Level 17.1 Fighting
 + Level 23.6 Axes
 + Level 13.9 Armour
 + Level 3.4 Dodging
 + Level 3.0 Stealth
 + Level 17.4 Shields


You had 15 spell levels left.
You didn't know any spells.
Your spell library was empty.

Dungeon Overview and Level Annotations

Branches:
Dungeon (15/15)            Temple (0/1) D:6            Lair (5/5) D:10
 Shoals (0/4) Lair:2       Spider (0/4) Lair:2        Slime (0/5) Lair:4
    Orc (2/2) D:9             Elf (2/3) Orc:2        Vaults (0/5) D:13
 Depths (0/4) D:15        Ossuary (visited)          Bailey (visited)
Gauntlet (visited)

Altars:
Dithmenos
Elyvilon
Fedhas
Gozag
Hepliaklqana
Nemelex Xobeh
Okawaru
Trog
Uskayaw
Vehumet
Zin
The Shining One
Jiyva

Shops:
D:2 (   D:9 *   D:10 (   D:15 :   Orc:2 ([*:   Elf:1 :   Elf:2 ((


Innate Abilities, Weirdness & Mutations

You possess an exceptional clarity of mind.
You are clumsy. (Dex -2)


Message History

Unknown command.
As you read the scroll of teleportation, it crumbles to dust.
You feel strangely unstable.
A shard of ice appears from out of thin air!
The shard of ice hits something!!
Reactivating autopickup.
You feel a bit more experienced.
The deep elf knight points at you and mumbles some strange words.
The shard of ice hits you but does no damage.
The deep elf zephyrmancer casts a spell.
The deep elf zephyrmancer blinks!
A shard of ice appears from out of thin air!
Deactivating autopickup; reactivate with Ctrl-A.
The shard of ice hits you. You partially resist.
The deep elf knight casts a spell at you.
The shard of ice hits you. You partially resist.
Unknown command.
Your surroundings suddenly seem different.
A deep elf knight and a +1 lajatang of venom come into view.
The deep elf knight shouts!
A +1 morningstar of flaming comes into view.
The deep elf knight unwields a +0 long sword.
The deep elf knight wields a +0 longbow.
The deep elf knight shoots an arrow.
You block the arrow.
Okay, then.
You block the +1 lajatang of venom's attack.
The deep elf knight gestures at you while chanting.
You block the lance of force. The +1 lajatang of venom hits you!!
* * * LOW HITPOINT WARNING * * *
You are poisoned.
The deep elf knight casts a spell at you.
The lance of force hits you!!
* * * LOW HITPOINT WARNING * * *
You are knocked back by the lance of force.
You collide with the +1 lajatang of venom!
The +1 lajatang of venom is severely damaged.
* * * LOW HITPOINT WARNING * * *
The +1 lajatang of venom hits you.
You die...

##.......) ............#
##......... ............
##.......).. #..........
##.........)) #........#
#............ #........#
#.⌠...)...... ##........##
#...........#
#..........###....).....##
#......(@e.##..E......##
#..........##ee{..⌠..##
#.......(...'.......##
#.......(....''#######
##.............#
#...............
#...............
................
......e....


You could see a deep elf knight and 3 dancing weapons.

Vanquished Creatures
  Asterion (Elf:1)
  A deep elf blademaster (Elf:2)
  2 orc warlords
  2 angels (Elf:1)
  A minotaur (Gauntlet)
  A great orb of eyes (Gauntlet)
  A rakshasa (D:14)
  5 hydras
  3 boulder beetles
  2 centaur warriors (D:13)
  Erolcha (Orc:1)
  A deep troll shaman (Lair:5)
  3 catoblepae
  5 death yaks (Lair:5)
  15 dancing weapons
  4 tengu warriors
  4 two-headed ogres
  4 orc high priests
  7 deep elf knights
  Nergalle (Lair:2)
  A skyshark (Lair:3)
  A fire crab (shapeshifter) (Elf:2)
  5 skeletal warriors (D:15)
  4 deep elf archers
  Pikel (D:7)
  4 lindwurms (Lair:5)
  5 wizards
  3 orc knights (Orc:2)
  16 deep elf pyromancers
  7 deep elf zephyrmancers
  A necromancer (D:15)
  A shining eye (Gauntlet)
  5 orc sorcerers
  3 manticores
  6 cyclopes
  10 ugly things
  2 centaur zombies (D:15)
  3 merfolk sirens (Lair:2)
  9 elephants
  A gargoyle (D:12)
  8 black mambas
  A cane toad (shapeshifter) (Elf:1)
  15 cane toads
  An unseen horror (D:12)
  Maggie (D:10)
  6 komodo dragons
  A kobold demonologist (D:11)
  2 rime drakes
  5 yaktaurs (D:15)
  A tengu conjurer (D:14)
  2 efreet
  2 trolls
  A polar bear (Lair:5)
  A harpy zombie (D:15)
  A merfolk (Lair:2)
  Grinder (D:3)
  5 blink frogs (Lair:3)
  A hornet (D:9)
  A raiju (Gauntlet)
  7 slime creatures
  2 centaur simulacra
  2 air elementals
  2 culicivoras (Lair:2)
  A jumping spider (shapeshifter) (Elf:1)
  4 jumping spiders (Lair:2)
  2 wraiths
  4 wyverns
  33 yaks
  Eustachio (D:4)
  2 golden eyes (Gauntlet)
  3 steam dragons
  9 basilisks
  A water elemental (Elf:1)
  A fire elemental (Elf:1)
  3 redbacks (Lair:2)
  Menkaure (D:6)
  6 vampire mosquitoes
  2 wargs
  Edmund (D:5)
  An acid dragon (D:10)
  13 water moccasins
  34 orc warriors
  9 black bears
  4 ice beasts
  18 wolves
  10 centaurs
  4 ogres
  2 lemures (D:7)
  2 phantoms
  4 kobold brigands
  13 bullfrogs
  4 scorpions
  2 gnoll sergeants
  2 earth elementals (Elf:1)
  6 water moccasin zombies (Ossuary)
  9 wights
  9 killer bees
  2 howler monkeys (D:11)
  A jelly (D:7)
  26 orc priests
  2 hounds (D:6)
  Terence (D:3)
  3 iguanas (D:5)
  29 orc wizards
  3 mummies
  8 adders
  12 gnolls
  A white imp (D:8)
  An ufetubus (D:5)
  6 adder zombies (Ossuary)
  A worm (D:2)
  86 orcs
  7 ball pythons
  8 endoplasms
  A giant cockroach (D:4)
  15 goblins
  12 hobgoblins
  10 jackals
  3 training dummies (Elf:2)
  2 bats (D:2)
  3 frilled lizards
  5 gnoll zombies (Ossuary)
  3 hobgoblin zombies (Ossuary)
  30 kobolds
  4 kobold zombies (Ossuary)
  3 orc zombies (Ossuary)
  2 rats
731 creatures vanquished.

Vanquished Creatures (collateral kills)
  Gastronok (Lair:1)
  A dire elephant (Lair:5)
  A dancing weapon (Elf:1)
  A deep elf knight (Elf:1)
  An orc high priest (Orc:2)
  3 deep elf archers (Elf:1)
  An orc knight (Bailey)
  A fire elemental (Elf:1)
  A warg (Orc:2)
  6 orc warriors
  An ogre (Orc:1)
  A wolf (Lair:5)
  An orc priest (Orc:2)
  2 orc wizards (Orc:2)
  2 gnolls (Orc:1)
  2 orcs (Orc:1)
  2 goblins (Bailey)
  A hobgoblin (Bailey)
  A kobold (Bailey)
30 creatures vanquished.

Vanquished Creatures (others)
  3 deep elf knights
  A deep elf archer (Elf:1)
  An orc wizard (D:4)
5 creatures vanquished.

Grand Total: 766 creatures vanquished

Notes
Turn   | Place    | Note
-------+----------+-------------------------------------------
     0 | D:1      | SirLogeyBear the Hill Orc Berserker began the quest for the
                  | Orb.
     0 | D:1      | Reached XP level 1. HP: 19/19 MP: 1/1
    33 | D:1      | Reached XP level 2. HP: 14/27 MP: 2/2
   779 | D:2      | Identified the +0 hat of Beyond {rPois rCorr Str+3 Slay+2}
   800 | D:2      | Reached XP level 3. HP: 32/33 MP: 3/3
   881 | D:2      | HP: 2/49 [worm (4)]
   883 | D:2      | Reached skill level 5 in Axes
  1398 | D:2      | Found Vojaosin's Antique Weapon Shop.
  1699 | D:2      | Reached ** piety under Trog
  2129 | D:3      | Reached XP level 4. HP: 40/40 MP: 4/4
  2300 | D:3      | Noticed Grinder
  2304 | D:3      | Paralysed by Grinder for 5 turns
  2323 | D:3      | Paralysed by Grinder for 2 turns
  2326 | D:3      | Killed Grinder
  2327 | D:3      | Reached skill level 6 in Axes
  2327 | D:3      | Reached skill level 1 in Shields
  2327 | D:3      | Reached XP level 5. HP: 38/47 MP: 5/5
  2327 | D:3      | Reached XP level 6. HP: 43/53 MP: 6/6
  2370 | D:3      | Noticed Terence
  2383 | D:3      | Killed Terence
  2816 | D:4      | Reached skill level 1 in Stealth
  2843 | D:4      | Reached skill level 7 in Axes
  2843 | D:4      | Reached XP level 7. HP: 60/60 MP: 7/7
  2907 | D:4      | Reached skill level 5 in Armour
  3070 | D:4      | Reached skill level 5 in Fighting
  3127 | D:4      | Noticed Eustachio
  3140 | D:4      | Killed Eustachio
  3141 | D:4      | Reached skill level 8 in Axes
  3141 | D:4      | Reached XP level 8. HP: 68/68 MP: 8/8
  3407 | D:5      | Entered Level 5 of the Dungeon
  3475 | D:5      | Noticed Edmund
  3489 | D:5      | Killed Edmund
  3889 | D:5      | Gained mutation: You possess an exceptional clarity of
                  | mind. [potion of mutation]
  4048 | D:6      | Found a staircase to the Ecumenical Temple.
  4071 | D:6      | Reached skill level 9 in Axes
  4083 | D:6      | Reached *** piety under Trog
  4084 | D:6      | Reached skill level 5 in Shields
  4134 | D:6      | Noticed Menkaure
  4144 | D:6      | Killed Menkaure
  4145 | D:6      | Reached XP level 9. HP: 72/75 MP: 9/9
  4431 | D:6      | Found an iron altar of Okawaru.
  4542 | D:6      | Reached skill level 10 in Axes
  4935 | D:7      | Found a hazy altar of Hepliaklqana.
  4943 | D:7      | Identified the +5 chain mail "Rasseirph" {*Corrode rC+
                  | Dex+5 SInv}
  5412 | D:7      | Noticed Pikel
  5447 | D:7      | Killed Pikel
  5938 | D:7      | Reached XP level 10. HP: 86/86 MP: 10/10
  6276 | D:8      | Noticed a two-headed ogre
  6285 | D:8      | Killed a two-headed ogre
  6286 | D:8      | Reached skill level 11 in Axes
  6375 | D:8      | Found a sand-covered staircase.
  6385 | Ossuary  | Entered an ossuary
  6471 | Ossuary  | Reached **** piety under Trog
  6682 | D:8      | Found an opulent altar of Gozag.
  7054 | D:9      | Found Capsuihi's Fire Supplies.
  7062 | D:9      | Bought a +2 hand axe of flaming for 261 gold pieces
  7130 | D:9      | Reached skill level 12 in Axes
  7270 | D:9      | Reached ***** piety under Trog
  7273 | D:9      | Reached XP level 11. HP: 95/95 MP: 11/11
  7278 | D:9      | Reached skill level 13 in Axes
  7280 | D:9      | Found a staircase to the Orcish Mines.
  7406 | D:9      | Found a flagged portal.
  7425 | Bailey   | Entered a bailey
  7456 | Bailey   | Received a gift from Trog
  7518 | Bailey   | Identified the +2 robe of Dice, Bag, and Bottle {+Inv
                  | Int+3}
  7521 | Bailey   | Noticed an orc knight
  7544 | Bailey   | Killed an orc knight
  7545 | Bailey   | Reached skill level 10 in Shields
  7696 | Bailey   | Identified the staff of death "Ahoseod" {rN+ Will+ Stlth+}
  7822 | D:10     | Entered Level 10 of the Dungeon
  7846 | D:10     | Found Otafed's Weapon Emporium.
  8022 | D:10     | Found a staircase to the Lair.
  8034 | D:10     | Reached skill level 14 in Axes
  8044 | D:10     | Noticed a two-headed ogre
  8060 | D:10     | Killed a two-headed ogre
  8253 | D:10     | Noticed Maggie
  8260 | D:10     | Killed Maggie
  8739 | D:10     | Found a white marble altar of Elyvilon.
  8741 | D:10     | Found a shadowy altar of Dithmenos.
  8745 | D:10     | Found a bloodstained altar of Trog.
  8745 | D:10     | Found a hide-covered altar of Uskayaw.
  8747 | D:10     | Found a glowing golden altar of the Shining One.
  8748 | D:10     | Found a radiant altar of Vehumet.
  8931 | D:11     | Identified the +7 chain mail "Fiocoat" {-Tele rPois Dex+3}
  8937 | D:11     | Noticed a manticore
  8937 | D:11     | Noticed a cyclops
  8977 | D:11     | Noticed a two-headed ogre
  8984 | D:11     | Killed a two-headed ogre
  9179 | D:11     | Reached skill level 15 in Axes
  9181 | D:11     | Reached XP level 12. HP: 103/106 MP: 12/12
  9299 | D:11     | You are sucked into a shaft and drop 1 floor!
  9313 | D:12     | Found a gate leading to a gauntlet.
  9322 | Gauntlet | Entered a Gauntlet
  9322 | Gauntlet | Found a transporter.
  9330 | Gauntlet | Found a transporter.
  9332 | Gauntlet | Found a transporter.
  9346 | Gauntlet | Found a transporter.
  9351 | Gauntlet | Noticed a great orb of eyes
  9359 | Gauntlet | Found a transporter.
  9379 | Gauntlet | Found a transporter.
  9386 | Gauntlet | Found a transporter.
  9388 | Gauntlet | Noticed a six-headed hydra
  9401 | Gauntlet | Found a transporter.
  9412 | Gauntlet | Found a transporter.
  9427 | Gauntlet | Found a transporter.
  9444 | Gauntlet | Found a transporter.
  9444 | Gauntlet | Found a transporter.
  9501 | Gauntlet | Reached skill level 10 in Fighting
  9555 | Gauntlet | Gained mutation: You are clumsy. (Dex -2) [a shining eye]
  9570 | Gauntlet | Found a transporter.
  9648 | Gauntlet | Paralysed by a great orb of eyes for 3 turns
  9652 | Gauntlet | Killed a great orb of eyes
  9760 | Gauntlet | Identified the +5 sling of Dismemberment {drain, rC++ rN+
                  | Int+2 Dex-3}
  9760 | Gauntlet | Noticed a minotaur
  9773 | Gauntlet | Killed a minotaur
  9774 | Gauntlet | Reached skill level 16 in Axes
  9776 | Gauntlet | Identified the +12 short sword of Waerynad {vamp, Str+6}
 10282 | D:12     | Reached skill level 17 in Axes
 10756 | D:13     | Noticed a centaur warrior
 10768 | D:13     | Killed a centaur warrior
 10800 | D:13     | Identified the +3 quarterstaff of Patterns {spect, Fly rF+}
 10881 | D:13     | Noticed an eight-headed hydra
 10896 | D:13     | Killed a 14-headed hydra
 10897 | D:13     | Reached skill level 10 in Armour
 10972 | D:13     | Received a gift from Trog
 10988 | D:13     | Noticed a centaur warrior
 10998 | D:13     | Killed a centaur warrior
 10999 | D:13     | Reached XP level 13. HP: 96/116 MP: 13/13
 11065 | D:13     | Found a gate to the Vaults.
 11080 | D:13     | Reached skill level 18 in Axes
 11712 | D:14     | Noticed a rakshasa
 11730 | D:14     | Killed a rakshasa
 11745 | D:14     | Reached skill level 19 in Axes
 11747 | Abyss:3  | Cast into level 3 of the Abyss (a wizard)
 11758 | D:14     | Escaped the Abyss
 12217 | D:14     | Found a sparkling altar of Nemelex Xobeh.
 12369 | D:15     | Entered Level 15 of the Dungeon
 12720 | D:15     | Reached skill level 20 in Axes
 12803 | D:15     | Reached XP level 14. HP: 126/127 MP: 14/14
 13029 | D:15     | Found a staircase to the Depths.
 13181 | D:15     | Found Nucvuo Ihod's Book Shop.
 13182 | D:15     | Found a blossoming altar of Fedhas.
 13361 | Orc:1    | Entered Level 1 of the Orcish Mines
 13361 | Orc:1    | Noticed Erolcha
 13370 | Orc:1    | Killed Erolcha
 13471 | Orc:2    | Entered Level 2 of the Orcish Mines
 13544 | Orc:2    | Noticed an orc warlord
 13564 | Orc:2    | Killed an orc warlord
 13565 | Orc:2    | Reached skill level 21 in Axes
 13847 | Orc:2    | Found a staircase to the Elven Halls.
 14232 | Orc:2    | Found Larunk's General Store.
 14233 | Orc:2    | Found Hesaloec's Book Emporium.
 14235 | Orc:2    | Found Cafen's Antique Armour Shoppe.
 14235 | Orc:2    | Found Hovvayla's Antique Weapon Shoppe.
 14258 | Orc:2    | Bought a brightly glowing battleaxe for 379 gold pieces
 14258 | Orc:2    | Identified the +2 battleaxe of the Baking Rattlesnake
                  | {venom, rN+ Dex+6} (You bought it in a shop on level 2 of
                  | the Orcish Mines)
 14352 | Orc:2    | Bought a glowing cloak for 180 gold pieces
 14355 | Orc:2    | Bought a runed orb for 288 gold pieces
 14467 | Orc:1    | Paralysed by an orc sorcerer for 2 turns
 14482 | Orc:1    | Noticed an orc warlord
 14498 | Orc:1    | Killed an orc warlord
 14660 | Orc:1    | Found a radiant altar of Vehumet.
 14839 | Lair:1   | Entered Level 1 of the Lair of Beasts
 14889 | Lair:1   | Reached skill level 15 in Shields
 15032 | Lair:1   | Noticed Gastronok
 15078 | Lair:1   | Killed Gastronok
 15260 | Lair:1   | You are sucked into a shaft and drop 1 floor!
 15291 | Lair:2   | Reached XP level 15. HP: 139/139 MP: 15/15
 15797 | Lair:2   | Found a staircase to the Shoals.
 15811 | Lair:2   | Reached skill level 22 in Axes
 15899 | Lair:2   | Noticed Nergalle
 15909 | Lair:2   | Killed Nergalle
 15940 | Lair:2   | Found a hole to the Spider Nest.
 16541 | Lair:3   | Reached skill level 15 in Fighting
 17898 | Lair:4   | Found a staircase to the Slime Pits.
 17899 | Lair:4   | Found a viscous altar of Jiyva.
 18038 | Lair:4   | Received a gift from Trog
 18713 | Lair:5   | Entered Level 5 of the Lair of Beasts
 19273 | Lair:5   | Identified the ring "Astronee" {rElec rPois Will+ Int+3}
 19335 | Lair:5   | Found the +1 cloak of Starlight {*Dazzle EV+4 Stlth--}
 19351 | Lair:5   | Reached skill level 23 in Axes
 19890 | D:9      | Bought a ring of protection from fire for 375 gold pieces
 19970 | Elf:1    | Entered Level 1 of the Elven Halls
 19983 | Elf:1    | Reached XP level 16. HP: 151/151 MP: 16/16
 20174 | Elf:1    | Noticed Asterion
 20183 | Elf:1    | Noticed an Executioner
 20186 | Elf:1    | Killed Asterion
 20196 | Elf:1    | Found Alis's Vocational Training.
 20271 | Elf:1    | Found a glowing golden altar of the Shining One.
 20285 | Elf:1    | Found a glowing silver altar of Zin.
 20285 | Elf:1    | Found a crumbling gateway.
 20285 | Elf:1    | Found a white marble altar of Elyvilon.
 20566 | Elf:1    | Identified the +2 mace of Zeekhun {heavy, *Noise rC+ Int+3}
 21183 | Elf:2    | Found a runed translucent gate.
 21184 | Elf:2    | Found a runed translucent gate.
 21184 | Elf:2    | Found a runed translucent gate.
 21248 | Elf:2    | Paralysed by an air elemental for 1 turns
 21255 | Elf:2    | Paralysed by an air elemental for 1 turns
 21343 | Elf:2    | Found Janorpha's Firing Range.
 21439 | Elf:2    | Bought 5 javelins for 210 gold pieces
 21484 | Elf:2    | Found Qitosog's Antique Weapon Shop.
 21999 | Elf:2    | Noticed a deep elf blademaster
 22014 | Elf:2    | Killed a deep elf blademaster
 22061 | Elf:2    | HP: 2/155 [+1 lajatang of venom collision (12)]
 22061 | Elf:2    | Slain by a +1 lajatang of venom

Illustrated notes

Levels and vault maps discovered:
D:1:      scummos_arrival_hexagon, layout_basic,
          nicolae_concentric_dashed_squares_mild
D:2:      layout_loops_corners, serial_shops, nicolae_shop_stone,
          minmay_hexomino_u4
D:3:      layout_basic, minmay_goblin_outpost, uniq_terence, uniq_grinder
D:4:      layout_basic, serial_park_tiny_1, grunt_ministairs_15, uniq_eustachio
D:5:      layout_rooms, uniq_edmund
D:6:      layout_basic, kennysheep_okawaru_gauntlet,
          minmay_temple_entry_slanted, uniq_menkaure
D:7:      layout_loops_corners, nicolae_hepliaklqana_hazy_memory,
          serial_aquarium, aquarium_bridge_square [aquarium_subvault_bridge,
          aquarium_subvault_wall, aquarium_subvault_window,
          aquarium_subvault_balcony], aquarium_bridge_square
          [aquarium_subvault_bridge, aquarium_subvault_wall,
          aquarium_subvault_bridge, aquarium_subvault_bridge],
          aquarium_window_2, aquarium_window_fake, aquarium_view_2f,
          aquarium_balcony_double_2, uniq_pikel
D:8:      layout_rooms, grunt_gozag_statues, gup_ossuary_entry_pyramid
D:9:      layout_gridville, erik_orc_4, enter_bailey_5, nicolae_shop_fire_sale
          [nicolae_sub_dead_trees]
D:10:     layout_gridville, grunt_temple_overflow_open,
          due_lair_maze_entry_diamond, serial_shops,
          nicolae_shop_tiny_statue_garden, uniq_maggie
D:11:     wad_cavern_with_rooms, layout_loops_ring,
          nicolae_trove_entry_isolated, dk_noncrumbling_3
D:12:     layout_stronghold, gauntlet_entry_generic
D:13:     layout_basic, david_vaults_1
D:14:     layout_long_grid, nemelex_xobeh_ov_fountains_minmay
D:15:     grunt_enter_depths_magical_seal, layout_cross, serial_shops,
          nicolae_shop_trees, fedhas_altar_2
Lair:1:   layout_loops_ring, chequers_serial_rivers_marsh, grunt_megastairs_3,
          uniq_gastronok
Lair:2:   layout_chaotic_city, elwin_shoals_entry_stream,
          nicolae_spider_entry_tight_spaces, uniq_nergalle
Lair:3:   layout_cellular_growth, infiniplex_staircase_pool_2
Lair:4:   layout_hall_layers, slime_entry_1, lemuel_fruit_tree
Lair:5:   grunt_lair_end_beastmaster, layout_loops_ring, minmay_lindwurm_lava,
          grunt_megastairs_4
Orc:1:    layout_caves, basic_altar, uniq_erolcha
Orc:2:    st_orc_congregation, layout_caves, nicolae_orc_pool_cavern
Elf:1:    eino_elf_arrival_shootout, layout_gridlike,
          portal_desolation_entry_holy_temple, evilmike_minifort, st_stairs_10,
          nicolae_shop_vocational, uniq_asterion
Elf:2:    nicolae_elf_blades_crystal_corner, layout_geoelf_grid, serial_shops,
          shop, nicolae_shop_firing_range

Skill      XL: |  1  2  3  4  5  6  7  8  9 10 11 12 13 14 15 16 |
---------------+-------------------------------------------------+-----
Fighting       | 4 5 6 7 8 9 11 12 14 16 17 | 17.1
Axes           | 5 6 7 8 9 10 12 15 17 20 21 23 | 23.6
Armour         | 3 4 5 6 7 8 10 11 13 | 13.9
Shields        | 1 2 3 5 7 9 11 12 13 15 16 17 | 17.4
Stealth        | 1 2 3 |  3.0
Dodging        | 2 3 |  3.4

Action                     |  1- 3 |  4- 6 |  7- 9 | 10-12 | 13-15 | 16-18 || total
---------------------------+-------+-------+-------+-------+-------+-------++-------
  Melee: Hand axe          |   115 |    77 |   353 |   382 |       |       ||   927
         Punch             |     1 |       |       |       |       |       ||     1
         Broad axe         |       |       |       |   325 |   946 |   311 ||  1582
 Invoke: Berserk           |     2 |     1 |     2 |     3 |    11 |     6 ||    25
         Trog's Hand       |       |     1 |     3 |     3 |    15 |    10 ||    32
         Brothers in Arms  |       |       |       |     2 |     5 |     3 ||    10
    Use: Scroll            |     4 |       |     7 |    10 |     8 |     4 ||    33
         Potion            |       |       |     4 |       |     5 |     2 ||    11
   Stab: Distracted        |       |       |       |       |     2 |     2 ||     4
         Petrified         |       |       |       |       |     2 |       ||     2
         Invisible         |       |       |       |       |       |     4 ||     4
 Armour: Animal skin       |     8 |       |       |       |       |       ||     8
         Chain mail        |    28 |       |       |       |       |       ||    28
         Plate armour      |     8 |    54 |   140 |   347 |   513 |   135 ||  1197
  Dodge: Dodged            |    64 |    17 |   115 |   243 |   388 |    94 ||   921
         Repelled          |       |       |       |     2 |     2 |       ||     4
  Block: Tower shield      |     5 |    51 |   244 |   601 |   980 |   319 ||  2200
